 Dungeon Crawl Stone Soup version 0.22-a0-388-g09e6169 (webtiles) character file.

703 Mgcat the Insei (level 7, -20/43 HPs)
             Began as an Octopode Transmuter on Apr 29, 2018.
             Was a Follower of Okawaru.
             Demolished by erloom's ghost (29 damage)
             ... on level 5 of the Dungeon.
             The game lasted 00:09:40 (3072 turns).

Mgcat the Insei (Octopode Transmuter)               Turns: 3072, Time: 00:09:41

Health: -20/43     AC:  2    Str:  9    XL:     7   Next: 66%
Magic:  0/10       EV: 23    Int: 17    God:    Okawaru [*.....]
Gold:   192        SH:  0    Dex: 24    Spells: 4/10 levels left

rFire    . . .     SeeInvis .     - Unarmed
rCold    . . .     Gourm    .   (shield currently unavailable)
rNeg     . . .     Faith    .   (helmet currently unavailable)
rPois    x         Spirit   +   j - amulet of guardian spirit {Spirit}
rElec    .         Reflect  .   k - +3 ring of evasion
rCorr    .         Harm     .   w - +6 ring of dexterity
MR       .....                  (no ring)
Stlth    ++........             (no ring)
HPRegen  0.14/turn              (no ring)
MPRegen  0.12/turn              (no ring)
                                (no ring)
                                (no ring)

@: spider-form
A: tiny, almost no armour, stealthy swim, (amphibious), 8 rings, (constrict 8)
a: End Transformation, Heroism, Renounce Religion


You were on level 5 of the Dungeon.
You worshipped Okawaru.
Okawaru was aware of your devotion.
You were hungry.
You were a venomous arachnid creature.
You visited 2 branches of the dungeon, and saw 6 of its levels.

You collected 192 gold pieces.

Inventory:

Hand Weapons
 a - a +1 hunting sling
   (You found it on level 1 of the Dungeon)
 q - a +2 whip of electrocution (melded)
   (You took it off a kobold on level 3 of the Dungeon)
Missiles
 d - 230 stones (quivered)
 f - 105 arrows
Armour
 o - a +0 buckler (melded)
   (You found it on level 2 of the Dungeon)
Jewellery
 j - an amulet of guardian spirit (around neck) {Spirit}
   (You found it on level 1 of the Dungeon)
 k - a +3 ring of evasion (left front leg)
   (You found it on level 1 of the Dungeon)
 w - a +6 ring of dexterity (right front leg)
   (You found it on level 4 of the Dungeon)
Wands
 n - a wand of clouds (3)
   (You found it on level 2 of the Dungeon)
 u - a wand of enslavement (10)
   (You found it on level 4 of the Dungeon)
 v - a wand of random effects (24)
   (You found it on level 4 of the Dungeon)
Scrolls
 h - a scroll of remove curse
 i - 2 scrolls of enchant weapon
 m - 4 scrolls of teleportation
 p - a scroll of identify
Potions
 r - a potion of resistance
Comestibles
 b - 11 chunks of flesh {@w0}
 c - 6 rations


   Skills:
 - Level 1.0 Fighting
 - Level 2.0 Dodging
 + Level 3.4 Shields
 + Level 5.4 Unarmed Combat
 - Level 2.0 Spellcasting
 + Level 4.9 Transmutations
 + Level 3.6 Poison Magic


You had 4 spell levels left.
You knew the following spells:

 Your Spells              Type           Power        Failure   Level  Hunger
a - Beastly Appendage     Tmut           ###...       10%         1    #......
b - Sticks to Snakes      Tmut           ###.....     12%         2    ###....
c - Spider Form           Tmut/Pois      ###.......   24%         3    ###....


Dungeon Overview and Level Annotations

Branches:
Dungeon (5/15)             Temple (1/1) D:4

Altars:
Ashenzari
Hepliaklqana
Okawaru
Qazlal
Ru
Uskayaw
Vehumet

Annotations:
D:5 erloom's ghost, novice MiBe


Innate Abilities, Weirdness & Mutations

You cannot wear most types of armour.
You are very stealthy in the water. (Stealth+)
((You are amphibious.))
You can wear up to eight rings at the same time.
((You can use your tentacles to constrict eight enemies at once.))
((Your skin changes colour to match your surroundings (Stealth+).))
((Your rubbery body absorbs attacks. (AC +1, EV +1)))


Message History

You butcher the orc corpse.
b - 3 chunks of flesh {@w0} (gained 2)
You butcher the orc corpse.
b - 6 chunks of flesh {@w0} (gained 3)
You butcher the leopard gecko corpse.
b - 7 chunks of flesh {@w0} (gained 1)
Things that are here:
a club; a flail; a chain mail
Things that are here:
a club; a flail; a chain mail You butcher the orc corpse.
b - 11 chunks of flesh {@w0} (gained 4)
Things that are here:
a dagger; a glowing robe; a leather armour
Things that are here:
a dagger; a glowing robe; a leather armour
There is an open door here.
Erloom's ghost (novice Minotaur Berserker) comes into view.
Unknown command.
Unknown command.
Unknown command.
Casting: Spider Form (safe; 11% risk of failure)
Confirm with . or Enter, or press ? or * to list all spells.
You turn into a venomous arachnid creature.
Your +2 whip of electrocution melds into your body.
Your +0 buckler melds into your body.
Your +2 whip of electrocution stops crackling.
Erloom's ghost turns its malevolent gaze towards you.
Erloom's ghost whispers, "Death doesn't hurt.
What you feel is life."
Casting: Spider Form (safe; 24% risk of failure)
Confirm with . or Enter, or press ? or * to list all spells.
You create a snake!
You now have 106 arrows.
You are feeling hungry.
Casting: Sticks to Snakes (safe; 12% risk of failure)
Confirm with . or Enter, or press ? or * to list all spells.
You create a snake!
You now have 105 arrows.
Erloom's ghost barely misses your water moccasin.
Your ball python bites erloom's ghost.
Your water moccasin closely misses erloom's ghost.
Erloom's ghost hits you.
Your water moccasin bites erloom's ghost.
Your ball python bites erloom's ghost but does no damage.
You bite erloom's ghost!
Erloom's ghost is lightly damaged.
Erloom's ghost completely misses you.
Your water moccasin bites erloom's ghost!
Your ball python closely misses erloom's ghost.
You hit erloom's ghost but do no damage.
Erloom's ghost is moderately damaged.
Your water moccasin bites erloom's ghost but does no damage.
Your ball python closely misses erloom's ghost.
Erloom's ghost hits you!
You hit erloom's ghost.
Erloom's ghost is moderately damaged.
Your water moccasin bites erloom's ghost.
Your ball python bites erloom's ghost.
Erloom's ghost hits you!
Your water moccasin bites erloom's ghost.
You hit erloom's ghost.
Erloom's ghost is heavily damaged.
Your ball python bites erloom's ghost but does no damage.
Erloom's ghost hits your ball python!!
Your ball python dies!
Your water moccasin bites erloom's ghost.
You feel better.
Your water moccasin bites erloom's ghost but does no damage.
Erloom's ghost hits your water moccasin!!
An adder zombie comes into view.
You hit erloom's ghost but do no damage.
Erloom's ghost is heavily damaged.
Your water moccasin bites erloom's ghost!
Erloom's ghost misses you.
Your water moccasin bites erloom's ghost.
You strike the helpless erloom's ghost from behind!
You hit erloom's ghost but do no damage.
Erloom's ghost is severely damaged.
Your water moccasin bites erloom's ghost.
Erloom's ghost closely misses you.
You hit erloom's ghost.
Erloom's ghost is severely damaged.
Your water moccasin bites erloom's ghost but does no damage.
Erloom's ghost closely misses you.
You barely miss erloom's ghost.
Erloom's ghost is severely damaged.
Your water moccasin bites erloom's ghost but does no damage.
You hit erloom's ghost but do no damage.
Erloom's ghost is severely damaged.
Your water moccasin bites erloom's ghost but does no damage.
Erloom's ghost barely misses you.
Your water moccasin bites erloom's ghost.
You barely miss erloom's ghost.
Erloom's ghost is almost destroyed.
Erloom's ghost hits you!
* * * LOW HITPOINT WARNING * * *
Your water moccasin completely misses erloom's ghost.
You hit erloom's ghost.
Erloom's ghost is almost destroyed.
Your water moccasin bites erloom's ghost but does no damage.
Erloom's ghost hits you!!
Ouch! That really hurt!
You die...

##+# #....##
##...## .......
##.....## .......
##.......###....#..
#.........#..#.....
'......>..'.......#
#...........##....#
#....WSZ#).# ....
##....s##)## #..
##...###.# .. ##+#
#.# . #<# #.#
###.####.#
#........#
#....###.#
#.....##.#
#....###.#


You could see erloom's ghost, an adder zombie and a friendly water moccasin.

Vanquished Creatures
  The ghost of Mgcat the Insei, an amateur OpTm (D:3)
  An ogre (D:4)
  A bullfrog (D:2)
  A scorpion (D:4)
  2 hounds (D:4)
  4 orc priests
  An orc wizard (D:5)
  3 worker ants
  A howler monkey skeleton (D:2)
  5 adders
  A shadow imp (D:5)
  3 oozes
  An adder skeleton (D:4)
  3 dart slugs
  2 leopard geckos
  6 orcs
  2 giant cockroaches
  4 goblins
  6 hobgoblins
  5 jackals
  5 kobolds
  2 quokkas (D:4)
  4 bats
  A jackal skeleton (D:4)
  7 rats
72 creatures vanquished.

Vanquished Creatures (collateral kills)
  2 goblins
2 creatures vanquished.

Grand Total: 74 creatures vanquished

Notes
Turn   | Place    | Note
-------+----------+-------------------------------------------
     0 | D:1      | Mgcat the Octopode Transmuter began the quest for the Orb.
     0 | D:1      | Reached XP level 1. HP: 13/13 MP: 3/3
   215 | D:1      | Reached XP level 2. HP: 18/18 MP: 5/5
   219 | D:1      | Learned a level 2 spell: Sticks to Snakes
   829 | D:2      | Reached XP level 3. HP: 21/23 MP: 4/6
   859 | D:2      | Reached skill level 3 in Transmutations
  1142 | D:2      | Reached XP level 4. HP: 28/28 MP: 7/7
  1145 | D:2      | Reached skill level 4 in Unarmed Combat
  1392 | D:3      | Noticed a bullfrog
  1398 | D:3      | Noticed Mgcat's ghost (amateur OpTm)
  1407 | D:2      | Killed a bullfrog
  1407 | D:2      | Reached skill level 1 in Shields
  1407 | D:2      | Reached XP level 5. HP: 25/33 MP: 2/8
  1412 | D:2      | Learned a level 3 spell: Spider Form
  1457 | D:3      | Killed Mgcat's ghost
  1457 | D:3      | Reached skill level 2 in Shields
  1457 | D:3      | Reached skill level 4 in Transmutations
  1457 | D:3      | Reached skill level 1 in Poison Magic
  1457 | D:3      | Reached XP level 6. HP: 26/38 MP: 2/9
  1959 | D:4      | Reached skill level 2 in Poison Magic
  2019 | D:4      | Found a staircase to the Ecumenical Temple.
  2145 | Temple   | Entered the Ecumenical Temple
  2170 | Temple   | Became a worshipper of Warmaster Okawaru
  2276 | D:4      | Found a stormy altar of Qazlal.
  2397 | D:4      | Reached skill level 5 in Unarmed Combat
  2426 | D:4      | Reached XP level 7. HP: 27/43 MP: 4/10
  2522 | D:4      | Reached skill level 3 in Shields
  2522 | D:4      | Reached skill level 3 in Poison Magic
  2862 | D:5      | Entered Level 5 of the Dungeon
  2988 | D:5      | HP: 9/43 [orc priest/divine providence (11)]
  3001 | D:5      | Reached * piety under Okawaru
  3054 | D:5      | Noticed erloom's ghost (novice MiBe)
  3071 | D:5      | HP: 9/43 [erloom's ghost (12)]
  3072 | D:5      | Demolished by erloom's ghost

Vault maps used:
D:1:      matt_arrival_grand_opening, serial_glass, glass_columns_b,
          glass_columns_a
D:4:      minmay_temple_entry_grid, corexii_checkpoint_a,
          nicolae_qazlal_general_emergency
D:5:      first_ration, skrybe_limestone_x
Temple:   regret_index_temple_chain_breaker

Skill      XL: |  1  2  3  4  5  6  7 |
---------------+----------------------+-----
Transmutations | 3 4 |  4.9
Unarmed Combat | 4 5 |  5.4
Shields        | 1 2 3 |  3.4
Poison Magic   | 1 2 3 |  3.6
Fighting       | |  1.0
Dodging        | |  2.0
Spellcasting   | |  2.0

Action                   |  1- 3 |  4- 6 |  7- 9 || total
-------------------------+-------+-------+-------++-------
Melee: Unarmed           |    47 |    63 |    53 ||   163
       Constrict         |    13 |    15 |     2 ||    30
       Kick              |    10 |    11 |       ||    21
       Tentacles         |     6 |    13 |     4 ||    23
       Punch             |     2 |     1 |     1 ||     4
       Whip              |       |    31 |     8 ||    39
 Fire: Hunting sling     |     7 |       |       ||     7
Throw: Stone             |       |     1 |       ||     1
 Cast: Beastly Appendage |    18 |    17 |       ||    35
       Sticks to Snakes  |     1 |     4 |     4 ||     9
       Spider Form       |       |     5 |     7 ||    12
  Use: Scroll            |       |       |    10 ||    10
       Potion            |       |       |     2 ||     2
 Stab: Sleeping          |     4 |     2 |       ||     6
       Distracted        |       |       |     1 ||     1
  Eat: Chunk             |     1 |     5 |     3 ||     9
Armor: Skin              |       |     4 |     3 ||     7
Dodge: Dodged            |    26 |    66 |    43 ||   135
Block: Buckler           |       |    11 |     2 ||    13

Table legend:
 A = Spawn XP
 B = Non-spawn XP
 C = Spawn XP percentage of total XP
 D = Spawn monster count
 E = Non-spawn monster count
 F = Spawn count percentage of total count
 G = Total turns spent on level
                    A         B        C        D         E        F      G
               +---------+---------+-------+---------+---------+-------+---------
         Total |       0 |    1005 |   0.0 |       0 |      74 |   0.0 |  3072
               +---------+---------+-------+---------+---------+-------+---------
           D:1 |       0 |      24 |   0.0 |       0 |      12 |   0.0 |   777
           D:2 |       0 |     166 |   0.0 |       0 |      22 |   0.0 |   660
           D:3 |       0 |     192 |   0.0 |       0 |      14 |   0.0 |   512
           D:4 |       0 |     445 |   0.0 |       0 |      16 |   0.0 |   925
           D:5 |       0 |     178 |   0.0 |       0 |      10 |   0.0 |   159
               +---------+---------+-------+---------+---------+-------+---------

Vault maps used:
D:1:      matt_arrival_grand_opening, serial_glass, glass_columns_b,
          glass_columns_a
D:4:      minmay_temple_entry_grid, corexii_checkpoint_a,
          nicolae_qazlal_general_emergency
D:5:      first_ration, skrybe_limestone_x
Temple:   regret_index_temple_chain_breaker

Table legend:
 A = Turns spent in this place as a percentage of turns spent in the entire game.
 B = Non-inter-level travel turns spent in this place as a percentage of non-inter-level travel turns spent in the entire game.
 C = Inter-level travel turns spent in this place as a percentage of turns spent in this place.
 D = Turns resting spent in this place as a percentage of non-inter-level travel turns spent in this place.
 E = Turns spent auto-exploring this place as a percentage of non-inter-level travel turns spent in this place.
 F = Non-inter-level travel turns spent in this place divided by the number of levels of this place that you've seen.
                   A       B       C       D       E      F
               +-------+-------+-------+-------+-------+----------------------
         Total | 100.0 | 100.0 |   3.7 |   0.1 |  77.6 | 493.2
       Dungeon |  98.7 |  98.7 |   3.7 |   0.1 |  78.4 | 584.0
        Temple |   1.3 |   1.3 |   0.0 |   0.0 |  23.1 |  39.0
               +-------+-------+-------+-------+-------+----------------------

Table legend:
 A = Kills in this place as a percentage of kills in entire the game.
 B = Kills by you in this place as a percentage of kills by you in the entire game.
 C = Kills by friends in this place as a percentage of kills by friends in the entire game.
 D = Other kills in this place as a percentage of other kills in the entire game.
 E = Experience gained in this place as a percentage of experience gained in the entire game.
 F = Experience gained in this place divided by the number of levels of this place that you have seen.
                   A       B       C       D       E      F
               +-------+-------+-------+-------+-------+----------------------
         Total | 100.0 | 100.0 | 100.0 |   N/A | 100.0 | 167.5
       Dungeon | 100.0 | 100.0 | 100.0 |   N/A | 100.0 | 201.0
               +-------+-------+-------+-------+-------+----------------------
